 Dungeon Crawl Stone Soup version 0.21-a0-278-ga722497 (webtiles) character file.

849 stoic the Chiller (level 8, -3/46 HPs)
             Began as an Octopode Ice Elementalist on Sept 22, 2017.
             Slain by an ice beast (9 damage)
             ... on level 4 of the Dungeon.
             The game lasted 00:12:01 (6511 turns).

stoic the Chiller (Octopode Ice Elementalist)       Turns: 6511, Time: 00:12:01

Health: -3/46      AC:  9    Str:  8    XL:     8   Next: 1%
Magic:  3/15       EV: 13    Int: 19    God:
Gold:   43         SH:  0    Dex: 12    Spells: 2/16 levels left

rFire    . . .     SeeInvis +   j - +0 hand axe (freeze)
rCold    . . .     Gourm    .   (no shield)
rNeg     . . .     Faith    .   l - +2 hat
rPois    .         Spirit   .   (no amulet)
rElec    .         Reflect  .   f - ring of see invisible
rCorr    .         Harm     .   (no ring)
MR       .....                  (no ring)
Stlth    +++.......             (no ring)
HPRegen  0.15/turn              (no ring)
MPRegen  0.14/turn              (no ring)
                                (no ring)
                                (no ring)

@: icy armour, slow
A: almost no armour, stealthy swim, amphibious, 8 rings, constrict 8, camouflage
1, gelatinous body 1
a: no special abilities


You were on level 4 of the Dungeon.
You were not hungry.

You visited 1 branch of the dungeon, and saw 5 of its levels.

You collected 266 gold pieces.
You spent 223 gold pieces at shops.

Inventory:

Hand Weapons
 d - a +0 club
 j - a +0 hand axe of freezing (weapon)
Missiles
 r - 5 needles of frenzy
Armour
 l - a +2 hat (worn)
Jewellery
 f - a ring of see invisible (left tentacle)
Wands
 k - a wand of lightning (0/15)
Scrolls
 e - a scroll of amnesia
 g - 2 scrolls of fog
 i - 2 scrolls of teleportation
 u - 2 scrolls of identify
 v - a scroll of remove curse {unknown}
 x - a scroll of enchant weapon {unknown}
Potions
 m - a potion of heal wounds
 n - a potion of flight
 o - a potion of invisibility
Books
 a - a book of Frost

   Spells                             Type                      Level
   a - Freeze                         Ice                          1
   b - Throw Frost                    Conjuration/Ice              2
   c - Ozocubu's Armour               Charms/Ice                   3
   d - Throw Icicle                   Conjuration/Ice              4
   e - Summon Ice Beast               Ice/Summoning                4
Comestibles
 b - 2 bread rations
 c - 2 royal jellies
 h - 2 meat rations
 p - a chunk of flesh
 A - a fruit


   Skills:
 - Level 2.0 Dodging
 - Level 2.6 Stealth
 + Level 4.8 Spellcasting
 - Level 1.0 Conjurations
 * Level 7.8 Ice Magic


You had 2 spell levels left.
You knew the following spells:

 Your Spells              Type           Power        Failure   Level  Hunger
a - Freeze                Ice            ####         1%          1    None
b - Throw Frost           Conj/Ice       ###...       3%          2    #......
c - Ozocubu's Armour      Chrm/Ice       ###.....     8%          3    ##.....
d - Throw Icicle          Conj/Ice       ###.....     21%         4    ####...
e - Summon Ice Beast      Ice/Summ       ###.....     26%         4    ####...


Dungeon Overview and Level Annotations

Branches:
Dungeon (5/15)
 Temple: D:4-7

Altars:
Cheibriados
Dithmenos
Ru
Zin
The Shining One

Shops:
D:4 !*?%[


Innate Abilities, Weirdness & Mutations

You cannot wear most types of armour.
You are very stealthy in the water. (Stealth+)
You are amphibious.
You can wear up to eight rings at the same time.
You can use your tentacles to constrict eight enemies at once.
Your skin changes colour to match your surroundings (Stealth+).
Your rubbery body absorbs attacks. (AC +1, EV +1)


Message History

a spear; a gnoll corpse You see here a flail.
The ice beast hits you. The ice beast freezes you!
A gnoll comes into view. It is wielding a spear.
The gnoll closely misses you.
Found a cyan potion.
There is a stone staircase leading up here.
The ice beast hits you. The ice beast freezes you!
* * * LOW HITPOINT WARNING * * *
The gnoll hits you but does no damage.
You climb upwards.
There is a stone staircase leading down here.
Unknown command.
Unknown command.
Unknown command.
Unknown command.
The ice beast hits you.
* * * LOW HITPOINT WARNING * * *
The ice beast freezes you!
You die...

................≈♣♣≈≈≈≈≈≈≈≈≈P≈P#.
##...........###≈♣P≈≈≈≈≈≈≈≈≈≈♣♣#.
..∩..........####P♣PP≈≈≈≈≈≈≈♣≈♣#.
.#..>.........# #≈≈≈≈≈≈≈≈≈≈P≈♣#..
##..........#.###≈♣♣≈♣P≈≈≈≈P≈≈..#
#..........#...#♣≈≈≈≈P≈≈≈♣≈≈P..#
##........####...≈PP≈P≈≈≈≈PP♣...
##......#######Y♣♣P♣≈P≈♣P≈≈..##
############<...@g.≈≈≈≈P≈≈P≈...##
.............####.##♣≈≈≈≈≈♣♣.....
############## #...♣P≈P≈♣≈...[..
#####≈≈P♣♣....... ##♣≈♣#.......
####....... #....... #..∩....
#.......


You could see an ice beast and a gnoll.

Vanquished Creatures
  Menkaure (D:4)
  An ogre (D:4)
  2 scorpions
  A howler monkey (D:4)
  The ghost of Rhok the Gusty, a weakling TeAE (D:3)
  2 hounds (D:5)
  An orc wizard (D:4)
  Natasha (thrice) (D:2 D:1)
  A centaur skeleton (D:4)
  Ijyb (D:3)
  An iguana (D:4)
  2 gnolls (D:5)
  9 adders
  A white imp (D:4)
  2 oozes (D:2)
  4 worms
  7 dart slugs
  4 leopard geckos
  8 orcs
  A ball python (D:1)
  10 bats
  3 giant cockroaches
  13 goblins
  7 hobgoblins
  6 jackals
  6 kobolds
  2 quokkas (D:3)
  3 frilled lizards
  6 hobgoblin zombies (D:4)
  2 kobold skeletons (D:4)
  A kobold zombie (D:4)
  An orc skeleton (D:4)
  An orc zombie (D:4)
  3 rats
117 creatures vanquished.

Vanquished Creatures (others)
  A plant (D:4)
1 creature vanquished.

Grand Total: 118 creatures vanquished

Notes
Turn   | Place    | Note
-------+----------+-------------------------------------------
     0 | D:1      | stoic the Octopode Ice Elementalist began the quest for the Orb.
     0 | D:1      | Reached XP level 1. HP: 11/11 MP: 3/3
   380 | D:1      | Reached XP level 2. HP: 14/17 MP: 1/5
   461 | D:1      | Learned a level 2 spell: Throw Frost
  1230 | D:2      | Reached XP level 3. HP: 17/21 MP: 6/6
  1236 | D:2      | Noticed Natasha
  1244 | D:2      | Killed Natasha
  1244 | D:2      | Reached skill level 4 in Ice Magic
  1543 | D:2      | Reached XP level 4. HP: 22/27 MP: 2/8
  1730 | D:2      | Found a shadowy altar of Dithmenos.
  2151 | D:2      | Learned a level 3 spell: Ozocubu's Armour
  2156 | D:2      | Found a snail-covered altar of Cheibriados.
  2482 | D:2      | Noticed Natasha
  2491 | D:2      | Killed Natasha
  2491 | D:2      | Reached XP level 5. HP: 28/31 MP: 3/9
  2495 | D:2      | Noticed Natasha
  2512 | D:1      | Killed Natasha
  2512 | D:1      | Reached skill level 5 in Ice Magic
  3318 | D:3      | Noticed Rhok's ghost (weakling TeAE)
  3564 | D:3      | Killed Rhok's ghost
  3714 | D:3      | Learned a level 4 spell: Throw Icicle
  3920 | D:3      | Noticed Ijyb
  4205 | D:3      | Killed Ijyb
  4205 | D:3      | Reached XP level 6. HP: 17/36 MP: 4/11
  4535 | D:3      | Reached skill level 6 in Ice Magic
  5530 | D:4      | Found Waticw Pyach's Assorted Antiques.
  5540 | D:4      | Noticed Menkaure
  5549 | D:4      | Killed Menkaure
  5549 | D:4      | Reached XP level 7. HP: 26/41 MP: 12/12
  5636 | D:4      | Found a glowing golden altar of the Shining One.
  5794 | D:4      | Reached skill level 7 in Ice Magic
  5892 | D:4      | Found a glowing silver altar of Zin.
  5893 | D:4      | Noticed an angel
  5938 | D:4      | Found Luis Qeg's Food Emporium.
  5975 | D:4      | Found Vais's Magic Scroll Shop.
  6065 | D:4      | Found Itaiqa's Antique Armour Boutique.
  6079 | D:4      | Bought a runed hat for 168 gold pieces
  6155 | D:4      | Found Hyif Ebbofud's Distillery.
  6165 | D:4      | Bought a potion of heal wounds for 55 gold pieces
  6356 | D:4      | Learned a level 4 spell: Summon Ice Beast
  6397 | D:5      | Entered Level 5 of the Dungeon
  6402 | D:5      | Found a shadowy altar of Dithmenos.
  6412 | D:5      | Found a sacrificial altar of Ru.
  6499 | D:5      | Reached XP level 8. HP: 33/46 MP: 1/15
  6511 | D:4      | Slain by an ice beast

Vault maps used:
D:1:      erik_arrival_cave_to_civilisation
D:2:      cheibriados_altar_1, nicolae_dithmenos_shadow_blocks, uniq_natasha
D:3:      first_bread, kennysheep_nondescript, grunt_ministairs_8, uniq_ijyb
D:4:      zin_angel, serial_shops, shop_coins, shop, shop, shop, shop,
          serial_bayou, serial_bayou_lake_a, serial_bayou_crossing,
          serial_bayou_pond_a, serial_bayou_shore_b,
          nicolae_tso_besieged_by_evil, uniq_menkaure
D:5:      grunt_temple_overflow_open, basic_altar, uniq_sigmund

Skill      XL: |  1  2  3  4  5  6  7 |
---------------+----------------------+-----
Ice Magic      | 4 5 6 7 |  7.8
Spellcasting   | 3 4 |  4.8
Dodging        | |  2.0
Stealth        | |  2.6
Conjurations   | |  1.0

Action                   |  1- 3 |  4- 6 |  7- 9 || total
-------------------------+-------+-------+-------++-------
Melee: Unarmed           |     5 |       |       ||     5
       Constrict         |     6 |    21 |    18 ||    45
       Hand axe          |     8 |    89 |    53 ||   150
       Tentacles         |     1 |     8 |     9 ||    18
 Cast: Freeze            |    29 |    63 |    29 ||   121
       Ozocubu's Armour  |       |    13 |     9 ||    22
       Throw Frost       |       |     4 |     1 ||     5
       Throw Icicle      |       |       |     1 ||     1
Evoke: Wand              |       |     2 |       ||     2
  Use: Scroll            |       |    11 |     2 ||    13
       Potion            |       |     5 |     1 ||     6
 Stab: Sleeping          |     3 |     2 |     1 ||     6
  Eat: Chunk             |     2 |    14 |     2 ||    18
       Bread ration      |       |       |     1 ||     1
Armor: Skin              |     2 |    39 |    21 ||    62
Dodge: Dodged            |    28 |   101 |    51 ||   180

Table legend:
 A = Spawn XP
 B = Non-spawn XP
 C = Spawn XP percentage of total XP
 D = Spawn monster count
 E = Non-spawn monster count
 F = Spawn count percentage of total count
 G = Total turns spent on level
                    A         B        C        D         E        F      G
               +---------+---------+-------+---------+---------+-------+---------
         Total |       0 |    1214 |   0.0 |       0 |     117 |   0.0 |  6511
               +---------+---------+-------+---------+---------+-------+---------
           D:1 |       0 |      67 |   0.0 |       0 |      17 |   0.0 |  1891
           D:2 |       0 |     155 |   0.0 |       0 |      30 |   0.0 |  1564
           D:3 |       0 |     219 |   0.0 |       0 |      33 |   0.0 |  1854
           D:4 |       0 |     575 |   0.0 |       0 |      30 |   0.0 |  1089
           D:5 |       0 |     198 |   0.0 |       0 |       7 |   0.0 |   113
               +---------+---------+-------+---------+---------+-------+---------
